AoeStats
← willrhyd

Arabia

506612334Analyzed
1v1 RM · 18d ago on Sep 14, 2026· 30m 14s· 2 players
Game mode
Random Map
Map size
Tiny (2 player)
Population
200
Speed
Normal
Resources
Standard
Victory
Conquest
Starting age
Dark Age
Ending age
Imperial Age
RankedLock teamsTeams togetherTeam positionsShared explorationLock speedFull tech treeHidden civsTurbo modeCheats
Victory
Defeat
🇫🇷 Mongols · France
1561
+15
🇬🇧 Persians · United Kingdom
1534
-15
willrhyd
6:24 Loom
8:38 Feudal Age
9:00 Double-Bit Axe
18:08 Castle Age
17:06 Fletching
17:36 Padded Archer Armor
17:38 Horse Collar
19:21 Bow Saw
20:10 Bodkin Arrow
23:36 Parthian Tactics
25:49 Wheelbarrow
27:30 Ballistics
29:31 Hand Cart
30:26 Bloodlines
30:16 Husbandry
30:31 Scale Barding Armor
30:36 Forging
Table_Rase
8:58 Feudal Age
7:14 Loom
9:40 Double-Bit Axe
14:15 Gold Mining
19:20 Castle Age
19:47 Fletching
19:57 Padded Archer Armor
19:43 Elite Skirmisher
21:54 Bodkin Arrow
24:28 Wheelbarrow
27:01 Bow Saw
27:12 Horse Collar
29:59 Ballistics
Connection lost

Rejoining the realm…

Still unreachable

The connection could not be restored.

Session expired

The server has moved on; the page needs a fresh start.